 Dungeon Crawl Stone Soup version 0.21-a0-271-ge7f0487 (webtiles) character file.

11651 Musica the Spear-Bearer (level 12, 0/92 HPs)
             Began as a Formicid Fighter on Sept 15, 2017.
             Was a High Priest of Makhleb.
             Succumbed to a spiny frog's poison
             ... on level 10 of the Dungeon.
             The game lasted 00:34:57 (11640 turns).

Musica the Spear-Bearer (Formicid Fighter)         Turns: 11640, Time: 00:34:58

Health: 0/92       AC: 19    Str: 27    XL:     12   Next: 10%
Magic:  17/17      EV: 10    Int:  8    God:    Makhleb [*****.]
Gold:   335        SH: 12    Dex: 14    Spells: 17/18 levels left

rFire    . . .     SeeInvis +   s - +0 halberd
rCold    . . .     Gourm    .   c - +0 shield
rNeg     . . .     Faith    .   A - +1 scale mail of Curiosity {rCorr}
rPois    .         Spirit   .   (helmet unavailable)
rElec    .         Reflect  .   i - +2 cloak
rCorr    +         Harm     .   h - +2 pair of gloves {Str+3}
MR       +....                  (no boots)
Stlth    ..........             (no amulet)
HPRegen  0.25/turn              H - +2 ring of protection
MPRegen  0.15/turn              (no ring)

@: lethally poisoned (0 -> -11)
A: permanent stasis, dig shafts and tunnels, four strong arms, antennae 3, icy
blue scales 1, blurry vision 2, strong 1
a: Dig, Shaft Self, Minor Destruction, Lesser Servant of Makhleb, Major
Destruction, Greater Servant of Makhleb, Renounce Religion


You were on level 10 of the Dungeon.
You worshipped Makhleb.
Makhleb was extremely pleased with you.
You were not hungry.

You visited 2 branches of the dungeon, and saw 12 of its levels.

You collected 588 gold pieces.
You spent 253 gold pieces at shops.

Inventory:

Hand Weapons
 a - a +0 trident
 n - a +2 mace of venom
 o - a +0 scythe
 s - a +0 halberd (weapon)
 z - a +1 hunting sling of freezing
Missiles
 d - 6 curare-tipped needles
 j - 22 tomahawks (quivered)
 w - 35 poisoned needles
 y - 86 sling bullets
Armour
 b - a +0 scale mail
 c - a +0 shield (worn)
 h - a +2 pair of gloves of strength (worn)
 i - a +2 cloak (worn)
 m - a +0 large shield
 A - the +1 scale mail of Curiosity (worn) {rCorr}
   (You found it on level 7 of the Dungeon)

   It protects you from acid and corrosion.
Jewellery
 g - an uncursed ring of wizardry
 H - a +2 ring of protection (left hand)
Wands
 p - a wand of random effects (9/48)
 r - a wand of paralysis (8/24)
 x - a wand of polymorph (11/24)
 E - a wand of polymorph (13/24)
 F - a wand of flame (16/48)
 J - a wand of acid (6/15)
Scrolls
 k - 7 scrolls of teleportation
 l - 11 scrolls of identify
 q - 2 scrolls of magic mapping
 C - 2 scrolls of enchant armour
 G - 2 scrolls of recharging {unknown}
 K - a scroll of remove curse
Potions
 u - 3 potions of flight
Books
 e - a book of Conjurations

   Spells                             Type                      Level
   a - Magic Dart                     Conjuration                  1
   b - Searing Ray                    Conjuration                  2
   c - Dazzling Spray                 Conjuration/Hexes            3
   d - Fulminant Prism                Conjuration/Hexes            4
   e - Force Lance                    Conjuration/Translocation    4
   f - Iskenderun's Mystic Blast      Conjuration                  4
 D - a book of Flames

   Spells                             Type                      Level
   a - Flame Tongue                   Conjuration/Fire             1
   b - Throw Flame                    Conjuration/Fire             2
   c - Conjure Flame                  Conjuration/Fire             3
   d - Inner Flame                    Hexes/Fire                   3
   e - Sticky Flame                   Conjuration/Fire             4
   f - Fireball                       Conjuration/Fire             5
Comestibles
 f - 8 bread rations
 t - 2 meat rations
 v - 4 royal jellies
 B - 2 chunks of flesh


   Skills:
 + Level 8.0 Fighting
 + Level 12.1 Polearms
 + Level 2.1 Slings
 - Level 7.4 Armour
 - Level 1.3 Stealth
 * Level 9.8 Shields
 * Level 3.7 Spellcasting
 * Level 6.7 Invocations


You had 17 spell levels left.
You knew the following spells:

 Your Spells              Type           Power        Failure   Level  Hunger
a - Flame Tongue          Conj/Fire      #....        52%         1    ##.....


Dungeon Overview and Level Annotations

Branches:
Dungeon (11/15)            Temple (0/1) D:7            Lair (1/6) D:10
    Orc: D:9-12

Altars:
Dithmenos
Makhleb
Nemelex Xobeh
Ru
Sif Muna
Trog
Vehumet
Xom
Yredelemnul
Zin

Shops:
D:7 !   D:9 }   D:11 ?


Innate Abilities, Weirdness & Mutations

You cannot be hasted, slowed, berserked, paralysed or teleported.
You can dig through walls and to a lower floor.
Your four strong arms can wield two-handed weapons with a shield.
You have a pair of large antennae on your head. (SInv)
You are partially covered in icy blue scales. (AC +2)
Scrolls take you longer to read.
Your muscles are strong. (Str +2)


Message History

The spiny frog is severely wounded.
You feel sick. The spiny frog stings you!
* * * LOW HITPOINT WARNING * * *
The spiny frog stings you!!
* * * LOW HITPOINT WARNING * * *
You are lethally poisoned!
The spiny frog poisons you!
You feel better. The spiny frog stings you!
* * * LOW HITPOINT WARNING * * *
You are lethally poisoned!
The spiny frog poisons you! You block the spiny frog's attack.
You don't have enough health at the moment.
You hit the spiny frog but do no damage.
The spiny frog is severely wounded.
* * * LOW HITPOINT WARNING * * *
You feel sick. You block the spiny frog's attack.
The spiny frog closely misses you.
You closely miss the spiny frog.
The spiny frog is severely wounded.
You die...

#...# ##........##
#...#########.........#
##..#.................#
#.......###..........# #####
#....#...≈...#.......#
#....###..#..#...#..#.....##
......##..#.##..F##.#.....#
..........#...PPFP..#....##
..........#≈..P@F..≈##...#
...........#..PPPPP..###..#
.........>.#.##..P##.# #.##
...........#..#...#..# #.#
............#...≈...#.##.##
...............###....#...#
#............... ........##
#..............# #.##....#
#.....÷........# #....##.#


You could see 2 spiny frogs and a bullfrog.

Vanquished Creatures
  A two-headed ogre (D:8)
  The ghost of Duffy the Summoner, a novice DESu of Sif Muna (D:10)
  An oklob plant (D:10)
  Joseph (D:7)
  Grinder (D:3)
  4 hippogriffs
  Sigmund (D:5)
  A spriggan (D:9)
  3 wyverns
  10 yaks (D:10)
  Grum (D:9)
  Menkaure (D:4)
  Edmund (D:5)
  Duvessa (D:7)
  2 ice beasts
  4 sky beasts
  An ogre (D:7)
  5 orc warriors
  3 wolves (D:9)
  6 centaurs
  2 phantoms
  A big kobold (D:7)
  9 bullfrogs
  5 scorpions
  Dowan (D:7)
  3 killer bees (D:8)
  4 howler monkeys
  A bullfrog zombie (D:5)
  4 crimson imps
  A centaur zombie (D:9)
  7 jellies
  6 orc priests
  7 hounds
  13 orc wizards
  2 centaur skeletons
  3 iguanas
  A gnoll shaman (D:7)
  Ijyb (D:4)
  Terence (D:2)
  4 worker ants
  3 hound skeletons
  A howler monkey zombie (D:5)
  2 worker ant zombies
  10 adders
  7 gnolls
  2 shadow imps
  10 oozes
  An adder zombie (D:6)
  2 adder skeletons (D:5)
  A dart slug (D:1)
  3 leopard geckos
  41 orcs
  4 giant cockroaches
  7 goblins
  7 hobgoblins
  14 jackals
  4 quokkas
  5 bats
  3 frilled lizards
  23 kobolds
  A quokka zombie (D:6)
  4 rats (D:3)
  A plant (D:10)
281 creatures vanquished.

Vanquished Creatures (collateral kills)
  A two-headed ogre (D:10)
  An ugly thing (D:10)
  A troll (D:10)
  An ice beast (D:10)
  2 orc wizards (D:10)
  An orc (D:10)
  A plant (D:10)
8 creatures vanquished.

Vanquished Creatures (others)
  7 toadstools (D:2)
7 creatures vanquished.

Grand Total: 296 creatures vanquished

Notes
Turn   | Place    | Note
-------+----------+-------------------------------------------
     0 | D:1      | Musica the Formicid Fighter began the quest for the Orb.
     0 | D:1      | Reached XP level 1. HP: 18/18 MP: 1/1
   191 | D:2      | Reached XP level 2. HP: 24/24 MP: 2/2
   333 | D:1      | Reached XP level 3. HP: 29/29 MP: 3/3
  1371 | D:2      | Noticed Terence
  1389 | D:2      | Killed Terence
  1389 | D:2      | Reached XP level 4. HP: 34/37 MP: 4/4
  1678 | D:2      | Found a burning altar of Makhleb.
  1729 | D:2      | Reached skill level 3 in Polearms
  1762 | D:2      | Became a worshipper of Makhleb the Destroyer
  1909 | D:2      | Reached XP level 5. HP: 42/42 MP: 5/5
  1942 | D:2      | Reached * piety under Makhleb
  1944 | D:2      | Reached skill level 4 in Polearms
  1947 | D:2      | Reached XP level 6. HP: 32/48 MP: 6/6
  2019 | D:3      | Found a shimmering altar of Xom.
  2019 | D:3      | Found a transporter.
  2213 | D:3      | Noticed Grinder
  2254 | D:3      | Killed Grinder
  2254 | D:3      | Reached skill level 5 in Polearms
  2254 | D:3      | Reached skill level 5 in Shields
  2254 | D:3      | Reached XP level 7. HP: 19/54 MP: 7/7
  2349 | D:4      | Noticed Menkaure
  2354 | D:4      | Killed Menkaure
  2354 | D:4      | Reached skill level 5 in Armour
  2586 | D:3      | Noticed a hippogriff
  2599 | D:3      | Found a transporter.
  2633 | D:3      | Killed a hippogriff
  2633 | D:3      | Reached skill level 6 in Polearms
  2633 | D:3      | Reached XP level 8. HP: 28/61 MP: 8/8
  3464 | D:4      | Noticed Ijyb
  3475 | D:4      | Killed Ijyb
  3515 | D:5      | Entered Level 5 of the Dungeon
  4511 | D:4      | Reached skill level 7 in Polearms
  4527 | D:5      | Reached ** piety under Makhleb
  4606 | D:5      | Reached skill level 1 in Stealth
  4820 | D:5      | Reached XP level 9. HP: 40/67 MP: 9/9
  4821 | D:5      | Reached skill level 5 in Fighting
  4916 | D:5      | Noticed Sigmund
  4928 | D:5      | Killed Sigmund
  4984 | D:5      | Noticed Edmund
  4993 | D:5      | Killed Edmund
  4993 | D:5      | Reached skill level 8 in Polearms
  5331 | D:5      | Found a bloodstained altar of Trog.
  5352 | D:5      | Reached skill level 1 in Invocations
  5669 | D:6      | Reached *** piety under Makhleb
  5738 | D:6      | Reached skill level 9 in Polearms
  5941 | D:7      | Noticed Duvessa
  5946 | D:7      | Noticed Dowan
  5958 | D:7      | Killed Dowan
  5976 | D:7      | Killed Duvessa
  5976 | D:7      | Reached XP level 10. HP: 32/75 MP: 10/12
  6525 | D:6      | Found a sparkling altar of Nemelex Xobeh.
  6578 | D:7      | Found a sacrificial altar of Ru.
  6817 | D:6      | Reached **** piety under Makhleb
  6886 | D:7      | Reached skill level 1 in Slings
  6983 | D:7      | Noticed Joseph
  7002 | D:7      | Killed Joseph
  7011 | D:7      | Found a shadowy altar of Dithmenos.
  7077 | D:8      | Found a basalt altar of Yredelemnul.
  7121 | D:7      | Got a bloodstained scale mail
  7288 | D:7      | Found Odwah's Distillery.
  7291 | D:7      | Bought a potion of mutation for 88 gold pieces
  7291 | D:7      | Bought a potion of heal wounds for 55 gold pieces
  7291 | D:7      | Bought a potion of heal wounds for 55 gold pieces
  7291 | D:7      | Bought a potion of heal wounds for 55 gold pieces
  7291 | D:7      | Gained mutation: Your magical capacity is low. (-10% MP) [potion of mutation]
  7291 | D:7      | Gained mutation: You occasionally shout uncontrollably at your foes. [potion of mutation]
  7291 | D:7      | Gained mutation: Your mind is acute. (Int +2) [potion of mutation]
  7538 | D:7      | Identified the +1 scale mail of Curiosity {rCorr} (You found it on level 7 of the Dungeon)
  7572 | D:7      | Found a staircase to the Ecumenical Temple.
  7594 | D:7      | Reached skill level 10 in Polearms
  8482 | D:8      | Reached skill level 5 in Invocations
  8494 | D:8      | Reached XP level 11. HP: 61/83 MP: 13/13
  8524 | D:8      | Noticed a two-headed ogre
  8547 | D:8      | Killed a two-headed ogre
  8547 | D:8      | Reached skill level 1 in Spellcasting
  9314 | D:9      | Noticed a five-headed hydra
  9353 | D:9      | Reached ***** piety under Makhleb
  9377 | D:9      | Found a radiant altar of Vehumet.
  9423 | D:9      | Found Xyvuq's Gadget Emporium.
  9450 | D:10     | Entered Level 10 of the Dungeon
  9466 | D:9      | Noticed Grum
  9472 | D:9      | Killed Grum
  9588 | D:9      | Reached skill level 11 in Polearms
  9664 | D:9      | Found a deep blue altar of Sif Muna.
  9844 | D:9      | Found a glowing silver altar of Zin.
  9845 | D:9      | Noticed an angel
  9990 | D:10     | Noticed a two-headed ogre
 10061 | D:11     | Found Luezeil's Magic Scroll Shop.
 10061 | D:11     | Noticed a white ugly thing
 10108 | D:10     | Lost mutation: Your mind is acute. (Int +2) [potion of mutation]
 10108 | D:10     | Gained mutation: You are resistant to hostile enchantments. (MR+) [potion of mutation]
 10108 | D:10     | Gained mutation: Your mind is acute. (Int +2) [potion of mutation]
 10358 | D:10     | Noticed Duffy's ghost (novice DESu)
 10447 | D:10     | Killed Duffy's ghost
 10501 | D:10     | Learned a level 1 spell: Flame Tongue
 10559 | D:10     | Noticed an oklob plant
 10777 | D:10     | Lost mutation: Your mind is acute. (Int +2) [potion of mutation]
 10777 | D:10     | Lost mutation: Your magical capacity is low. (-10% MP) [potion of mutation]
 10777 | D:10     | Lost mutation: You occasionally shout uncontrollably at your foes. [potion of mutation]
 10777 | D:10     | Lost mutation: You are resistant to hostile enchantments. (MR+) [potion of mutation]
 10777 | D:10     | Gained mutation: Scrolls take you a little longer to read. [potion of mutation]
 10777 | D:10     | Gained mutation: Your spells are a little easier to cast, but a little less powerful. [potion of mutation]
 10777 | D:10     | Gained mutation: Your flesh is heat resistant. (rF+) [potion of mutation]
 10778 | D:10     | Lost mutation: Your flesh is heat resistant. (rF+) [potion of mutation]
 10778 | D:10     | Lost mutation: Your spells are a little easier to cast, but a little less powerful. [potion of mutation]
 10778 | D:10     | Gained mutation: Your muscles are strong. (Str +2) [potion of mutation]
 10778 | D:10     | Gained mutation: Scrolls take you longer to read. [potion of mutation]
 10778 | D:10     | Gained mutation: You are partially covered in icy blue scales. (AC +2) [potion of mutation]
 10893 | D:10     | Noticed a cyan ugly thing
 11410 | D:10     | Killed a cyan ugly thing
 11410 | D:10     | Reached skill level 12 in Polearms
 11475 | D:10     | Killed a two-headed ogre
 11475 | D:10     | Reached XP level 12. HP: 57/92 MP: 17/17
 11531 | D:10     | Found a staircase to the Lair.
 11564 | Lair:1   | Entered Level 1 of the Lair of Beasts
 11638 | D:10     | HP: 2/92 [spiny frog (9)]
 11640 | D:10     | Succumbed to a spiny frog's poison

Vault maps used:
D:1:      lightli_arrival_statue_moat, grunt_decor_one_mirror
D:2:      cheibrodos_fertilizer, lemuel_crystal_altar, mrwooster_statue_mirror,
          minmay_parallelograms, uniq_terence
D:3:      gammafunk_temple_overflow_arena, uniq_grinder
D:4:      uniq_ijyb, uniq_menkaure
D:5:      lemuel_doored_altar, first_bread, uniq_edmund, uniq_sigmund
D:6:      lemuel_round_altar, minmay_misc_feat_square
D:7:      overflow_temple_1_default, nicolae_dithmenos_shadow_blocks,
          minmay_temple_entry_junction, serial_shops, nicolae_shop_behind_doors,
          uniq_joseph, uniq_duvessa
D:8:      yredelemnul_altar_generic, the_bakery, nicolae_wwwww
D:9:      zin_angel, vehumet_altar_wand_db, led_sif_book, serial_shops,
          nicolae_shop_trees, minivault_12, uniq_grum
D:10:     dpeg_oklobed_lair
D:11:     zombieorc1_lemuel, serial_shops, nicolae_shop_stone, shop_fountains,
          kennysheep_mini
Lair:1:   beast_lair_carwin_6, grunt_megastairs_2

Skill      XL: |  1  2  3  4  5  6  7  8  9 10 11 12 |
---------------+-------------------------------------+-----
Shields        | 4 5 6 7 9 |  9.8
Polearms       | 3 4 5 6 7 9 10 12 | 12.1
Armour         | 4 5 6 7 |  7.4
Fighting       | 4 5 6 7 8 |  8.0
Stealth        | 1 |  1.3
Invocations    | 2 5 6 |  6.7
Slings         | 1 2 |  2.1
Spellcasting   | 3 |  3.7

Action                   |  1- 3 |  4- 6 |  7- 9 | 10-12 || total
-------------------------+-------+-------+-------+-------++-------
Melee: Trident           |   114 |   127 |   269 |       ||   510
       Unarmed           |       |       |     7 |       ||     7
       Scythe            |       |       |   206 |   417 ||   623
       Halberd           |       |       |       |   316 ||   316
 Fire: Hunting sling     |       |       |     4 |    35 ||    39
Invok: Lesser Servant of |       |       |       |     4 ||     4
  Use: Potion            |       |       |     9 |    14 ||    23
       Scroll            |       |       |     6 |     6 ||    12
  Eat: Chunk             |     1 |     3 |    14 |    15 ||    33
       Fruit             |       |       |       |     4 ||     4
       Royal jelly       |       |       |       |     1 ||     1
Armor: Scale mail        |    34 |    44 |   164 |   364 ||   606
       Skin              |       |       |     1 |    13 ||    14
Dodge: Dodged            |    33 |    37 |   129 |   359 ||   558
Block: Shield            |    58 |    55 |   266 |   574 ||   953

Table legend:
 A = Spawn XP
 B = Non-spawn XP
 C = Spawn XP percentage of total XP
 D = Spawn monster count
 E = Non-spawn monster count
 F = Spawn count percentage of total count
 G = Total turns spent on level
                    A         B        C        D         E        F      G
               +---------+---------+-------+---------+---------+-------+---------
         Total |       0 |   16645 |   0.0 |       0 |     287 |   0.0 | 11640
               +---------+---------+-------+---------+---------+-------+---------
           D:1 |       0 |      27 |   0.0 |       0 |      12 |   0.0 |   644
           D:2 |       0 |     274 |   0.0 |       0 |      35 |   0.0 |  1635
           D:3 |       0 |     714 |   0.0 |       0 |      23 |   0.0 |  1252
           D:4 |       0 |     713 |   0.0 |       0 |      22 |   0.0 |  1002
           D:5 |       0 |    1354 |   0.0 |       0 |      30 |   0.0 |  1066
           D:6 |       0 |    1315 |   0.0 |       0 |      44 |   0.0 |  1235
           D:7 |       0 |    1468 |   0.0 |       0 |      25 |   0.0 |   888
           D:8 |       0 |    2411 |   0.0 |       0 |      25 |   0.0 |  1377
           D:9 |       0 |    2124 |   0.0 |       0 |      29 |   0.0 |  1386
          D:10 |       0 |    6245 |   0.0 |       0 |      42 |   0.0 |  1079
               +---------+---------+-------+---------+---------+-------+---------
